 Dungeon Crawl Stone Soup version 0.28-a0-245-g639a1a48b9 (webtiles) character file.

Game seed: 11852916174058599260

4358 graki42 the Thaumaturge (level 10, -1/63 HPs)
             Began as a Mummy Fire Elementalist on Aug 24, 2021.
             Was an Initiate of Vehumet.
             Killed from afar by Erica (12 damage)
             ... with an iceblast
             ... on level 8 of the Dungeon.
             The game lasted 00:32:59 (8865 turns).

graki42 the Thaumaturge (Mummy Fire Elementalist)   Turns: 8865, Time: 00:32:59

Health: -1/63      AC:  7    Str: 11    XL:     10   Next: 12%
Magic:  10/23      EV: 11    Int: 18    God:    Vehumet [......]
Gold:   583        SH:  0    Dex: 10    Spells: 12/28 levels left

rFire   x . .      SeeInvis .   m - +1 hand axe of Disorder {spect, Will++ Dex-3}
rCold   + . .      Faith    .   (no shield)
rNeg    + + +      Spirit   .   a - +0 robe
rPois   ∞          Reflect  .   w - +2 helmet
rElec   .          Harm     .   j - +0 cloak
rCorr   +          Rampage  .   (no gloves)
Will    +++..                   i - +0 pair of boots
Stlth   ++........              q - amulet of regeneration
HPRegen 1.20/turn               b - ring of resist corrosion
MPRegen 0.18/turn               l - ring of flight

@: flying, very slightly contaminated
A: cold resistance 1, negative energy resistance 3, torment resistance 2, heat
vulnerability 1, no potions
a: Renounce Religion


You were on level 8 of the Dungeon.
You worshipped Vehumet.
Vehumet was noncommittal.
You visited 2 branches of the dungeon, and saw 9 of its levels.

You collected 583 gold pieces.

Inventory:

Hand Weapons
 k - a +3 vampiric hand axe
 m - the +1 hand axe of Disorder (weapon) {spect, Will++ Dex-3}
   (You found it on level 4 of the Dungeon)

   When its wielder attacks, the weapon's spirit leaps out and strikes again.
   The spirit shares a part of any damage it takes with its wielder.
   Dex:       It affects your dexterity (-3).
   Will:      It greatly increases your willpower.
Armour
 a - a +0 robe (worn)
 c - a +0 kite shield
 i - a +0 pair of boots (worn)
 j - a +0 cloak (worn)
 w - a +2 helmet (worn)
Jewellery
 b - a ring of resist corrosion (left hand)
 f - an amulet of guardian spirit
 l - a ring of flight (right hand)
 q - an amulet of regeneration (around neck)
Wands
 o - a wand of digging (7)
 t - a wand of iceblast (17)
Scrolls
 d - 2 scrolls of enchant weapon
 e - a scroll of fear
 g - a scroll of brand weapon
 h - 2 scrolls of blinking
 n - 2 scrolls of fog {unknown}
 p - 4 scrolls of teleportation {unknown}
 r - a scroll of torment
 s - a scroll of immolation
 u - a scroll of holy word
 v - a scroll of acquirement {unknown}


   Skills:
 - Level 1.5 Dodging
 - Level 1.5 Stealth
 + Level 9.6 Spellcasting
 + Level 6.4 Conjurations
 + Level 5.7 Hexes
 + Level 6.9 Fire Magic


You had 12 spell levels left.
You knew the following spells:

 Your Spells              Type           Power      Damage    Failure   Level
a - Foxfire               Conj/Fire      100%       2x1d9     1%          1
b - Conjure Flame         Conj/Fire      32%        6-21      1%          3
c - Inner Flame           Hex/Fire       31%        N/A       1%          3
d - Sticky Flame          Conj/Fire      32%        2d5       5%          4
e - Fireball              Conj/Fire      16%        3d8       14%         5

Your spell library contained the following spells:

 Spells                   Type           Power      Damage    Failure   Level
 Magic Dart               Conj           100%       1d8       1%          1
 Searing Ray              Conj           62%        3d5       1%          2
 Fulminant Prism          Conj/Hex       15%        3d11      7%          4
 Mephitic Cloud           Conj/Pois/Air  16%        N/A       11%         3
 Blink                    Tloc           N/A        N/A       13%         2
 Call Imp                 Summ           8%         N/A       13%         2
 Frozen Ramparts          Ice            16%        1d3       26%         3
 Lesser Beckoning         Tloc           4%         N/A       26%         3
 Summon Ice Beast         Ice/Summ       8%         N/A       63%         4
 Manifold Assault         Tloc           8%         N/A       93%         5
 Dispersal                Tloc           4%         N/A       100%        6
 Disjunction              Tloc           4%         N/A       100%        8
 Ice Form                 Ice/Tmut       Unusable   N/A       N/A         4

Dungeon Overview and Level Annotations

Branches:
Dungeon (8/15)             Temple (1/1) D:7
   Lair: D:8-11

Altars:
Dithmenos
Elyvilon
Gozag
Kikubaaqudgha
Makhleb
Nemelex Xobeh
Okawaru
Qazlal
Ru
Sif Muna
Trog
Uskayaw
Vehumet
Wu Jian
Yredelemnul
Zin
The Shining One
Lugonu

Shops:
D:7 (

Annotations:
D:6 1 runed translucent door
D:8 Erica


Innate Abilities, Weirdness & Mutations

You are immune to poison.
Your flesh is cold resistant. (rC+)
You are immune to negative energy. (rN+++)
You are immune to unholy pain and torment.
You are vulnerable to heat. (rF-)
You do not drink.


Message History

Casting: Foxfire (safe; 1% risk of failure)
Confirm with . or Enter, or press ? or * to list all spells.
You conjure some foxfire!
Your foxfire dissipates!
Unknown command.
Casting: Foxfire (safe; 1% risk of failure)
Confirm with . or Enter, or press ? or * to list all spells.
You conjure some foxfire!
The foxfire hits something.
Your foxfire dissipates!
The foxfire hits something.
Casting: Foxfire (safe; 1% risk of failure)
Confirm with . or Enter, or press ? or * to list all spells.
You conjure some foxfire!
Your foxfire dissipates!
Unknown command.
Casting: Foxfire (safe; 1% risk of failure)
Confirm with . or Enter, or press ? or * to list all spells.
You conjure some foxfire!
The foxfire hits something.
The foxfire hits something but does no damage.
Unknown command.
The foxfire hits something!
The foxfire hits something.
Your foxfire dissipates!
The foxfire hits something.
Something hits you but does no damage.
Casting: Foxfire (safe; 1% risk of failure)
Confirm with . or Enter, or press ? or * to list all spells.
You can't see any susceptible monsters within range! (Use Z to cast anyway.)
Casting: Foxfire (safe; 1% risk of failure)
Confirm with . or Enter, or press ? or * to list all spells.
Okay, then.
Casting: Foxfire (safe; 1% risk of failure)
Confirm with . or Enter, or press ? or * to list all spells.
Aiming: Sticky Flame (dangerous; 5% risk of failure)
Press: ? - help, Shift-Dir - straight line You miscast Sticky Flame.
You are very lightly contaminated with residual magic.
Nothing appears to happen.
You hear a zap.
An iceblast appears from out of thin air!
The mass of ice explodes!
The iceblast engulfs you! You partially resist.
You die...

.###.#####.#!.# #......####
.........#.#..#....#+##..........
.##..###.#.#..#..........##...(..
.##..### ..#..#.......... #...>..
.##..#.. .....#.......... #....†.
..#..#.###.#.##.......... #......
.(#..#.# #.#.# ......# ###......
..#..#.###.#.####{....+ #.....#'#
...........#.#.§@.....#.#.....#.#
................§§...............
.#.......#.#.#.......##.#.....#.#
.#..####.#.#.#....#..# #.....#.#
..#......#.#.#....#+## ###.....#
###.######.#.#....# #.##.##
...........#.###### #. #.##
.##†.#######.# #.##... .###.##
#.# ##......


There were no monsters in sight!

Vanquished Creatures
  A two-headed ogre (D:8)
  A hornet (D:8)
  4 yaks (D:7)
  A wyvern (D:8)
  Duvessa (D:6)
  A water moccasin (D:6)
  A sky beast (D:6)
  An ogre (D:6)
  3 black bears
  A centaur (D:8)
  A phantom (D:5)
  2 bullfrogs (D:8)
  Dowan (D:6)
  11 scorpions
  A water moccasin zombie (D:5)
  A water moccasin skeleton (D:7)
  9 killer bees
  A howler monkey (D:5)
  2 bullfrog zombies
  3 jellies
  2 centaur zombies (D:5)
  2 hounds
  An orc priest (D:6)
  A bullfrog skeleton (D:7)
  6 iguanas
  A killer bee zombie (D:6)
  A howler monkey zombie (D:8)
  2 adders (D:2)
  2 worms
  9 orcs
  5 bats
  3 endoplasms
  9 giant cockroaches
  12 goblins
  9 hobgoblins
  4 jackals (D:1)
  4 quokkas
  3 ball pythons
  7 frilled lizards
  11 kobolds
  A rat (D:2)
  A butterfly (D:6)
143 creatures vanquished.

Vanquished Creatures (others)
  581 foxfires
581 creatures vanquished.

Grand Total: 724 creatures vanquished

Notes
Turn   | Place    | Note
-------+----------+-------------------------------------------
     0 | D:1      | graki42 the Mummy Fire Elementalist began the quest for the
                  | Orb.
     0 | D:1      | Reached XP level 1. HP: 13/13 MP: 4/4
   105 | D:1      | Reached skill level 1 in Conjurations
   208 | D:1      | Reached skill level 3 in Spellcasting
   276 | D:1      | Reached XP level 2. HP: 19/19 MP: 4/6
  1013 | D:1      | Reached XP level 3. HP: 24/24 MP: 3/7
  1017 | D:1      | Learned a level 3 spell: Conjure Flame
  1021 | D:1      | Learned a level 3 spell: Inner Flame
  1192 | D:2      | Found a faded altar of an unknown god.
  2126 | D:2      | Reached XP level 4. HP: 30/30 MP: 5/9
  2607 | D:3      | Found an ornate altar of the Wu Jian Council.
  2840 | D:3      | Found an ancient bone altar of Kikubaaqudgha.
  3199 | D:4      | You fall into a shaft and drop 1 floor!
  3199 | D:5      | Entered Level 5 of the Dungeon
  3205 | D:5      | Reached skill level 4 in Spellcasting
  3542 | D:4      | Identified the +1 hand axe of Disorder {spect, Will++
                  | Dex-3}
  3566 | D:4      | Learned a level 4 spell: Sticky Flame
  3626 | D:4      | Found a basalt altar of Yredelemnul.
  4034 | D:4      | Reached XP level 5. HP: 35/35 MP: 7/11
  4433 | D:5      | Reached skill level 5 in Spellcasting
  4433 | D:5      | Reached XP level 6. HP: 29/41 MP: 6/13
  4740 | D:5      | Reached XP level 7. HP: 41/46 MP: 5/15
  4931 | D:5      | Reached skill level 6 in Spellcasting
  5094 | D:5      | Reached skill level 1 in Hexes
  5660 | D:6      | Found an opulent altar of Gozag.
  5716 | D:6      | Reached XP level 8. HP: 46/52 MP: 10/18
  5977 | D:6      | Noticed Duvessa
  5995 | D:6      | Noticed Dowan
  6001 | D:6      | Killed Duvessa
  6002 | D:6      | Reached skill level 5 in Fire Magic
  6005 | D:6      | Killed Dowan
  6006 | D:6      | Reached skill level 7 in Spellcasting
  6225 | D:6      | Learned a level 5 spell: Fireball
  6492 | D:6      | Found a burning altar of Makhleb.
  6595 | D:6      | Found a runed translucent door.
  6597 | D:6      | Found a runed translucent door.
  6707 | D:6      | Noticed a +0 dagger
  6708 | D:6      | Found a hide-covered altar of Uskayaw.
  6708 | D:6      | Noticed a +0 hand axe
  6878 | D:6      | Reached skill level 5 in Conjurations
  7126 | D:7      | Found a bloodstained altar of Trog.
  7191 | D:7      | Found a sacrificial altar of Ru.
  7211 | D:7      | Reached skill level 8 in Spellcasting
  7211 | D:7      | Reached XP level 9. HP: 46/57 MP: 3/21
  7446 | D:7      | Found a staircase to the Ecumenical Temple.
  7469 | Temple   | Entered the Ecumenical Temple
  7483 | Temple   | Became a worshipper of Vehumet
  7628 | D:7      | Found Fyrewaz's Antique Weapon Shop.
  8076 | D:8      | Reached skill level 9 in Spellcasting
  8076 | D:8      | Reached skill level 5 in Hexes
  8363 | D:8      | Found a shadowy altar of Dithmenos.
  8543 | D:8      | Noticed a two-headed ogre
  8553 | D:8      | Killed a two-headed ogre
  8554 | D:8      | Reached XP level 10. HP: 63/63 MP: 13/23
  8851 | D:8      | Noticed Erica
  8858 | D:8      | HP: 2/63 [something (8)]
  8865 | D:8      | Killed from afar by Erica

Illustrated notes

Levels and vault maps discovered:
D:1:      dpeg_arrival_pond, layout_basic, st_stairs_7
D:2:      layout_basic, hellmonk_ecumenical_altar_lost_god, minmay_pentomino_s2
D:3:      layout_basic, kiku_gazebo_garden_becter,
          mainiacjoe_overflow_surrounded_room, serial_forest,
          infiniplex_forest_lined_room_, infiniplex_forest_clump_double,
          infiniplex_forest_clump_diagonal, infiniplex_forest_straight_5,
          infiniplex_forest_clump_cross, infiniplex_forest_clump_medium,
          infiniplex_forest_corner_2, minivault_19, minmay_misc_feat_enclosed
D:4:      layout_basic, mainiacjoe_overflow_alcove_2
D:5:      layout_basic
D:6:      lemuel_insect_pit, layout_basic, dancing_weapons_uskayaw,
          lemuel_round_altar, grunt_gozag_statues, makhleb_blood_cavern_becter,
          uniq_duvessa
D:7:      layout_loops_ring, lemuel_doored_altar, trog_three_pillars_becter,
          minmay_temple_entry_glass, serial_shops, nicolae_shop_window_shopping
D:8:      layout_basic, regret_index_temple_of_mockery, amcnicky_altar_gilded,
          uniq_erica
Temple:   corrupted_temple

Skill      XL: |  1  2  3  4  5  6  7  8  9 |
---------------+----------------------------+-----
Conjurations   | 1 2 3 4 5 6 |  6.4
Spellcasting   | 3 4 5 6 8 9 |  9.6
Fire Magic     | 3 4 5 6 |  6.9
Hexes          | 2 4 5 |  5.7
Dodging        | |  1.5
Stealth        | |  1.5

Action                   |  1- 3 |  4- 6 |  7- 9 | 10-12 || total
-------------------------+-------+-------+-------+-------++-------
Melee: Unarmed           |    16 |       |       |       ||    16
       Dagger            |     5 |     2 |       |       ||     7
       Hand axe          |       |    16 |    25 |     3 ||    44
 Cast: Foxfire           |    75 |    95 |   158 |    17 ||   345
       Conjure Flame     |       |       |    14 |     1 ||    15
       Sticky Flame      |       |       |    17 |     1 ||    18
Evoke: Wand              |       |       |     1 |       ||     1
  Use: Scroll            |       |     1 |     6 |       ||     7
 Stab: Sleeping          |     1 |       |     1 |       ||     2
Armor: Robe              |     3 |    20 |    17 |     6 ||    46
Dodge: Dodged            |    25 |    29 |    56 |     9 ||   119

Table legend: (Time is in decaauts)
 A = Elapsed time spent in this place.
 B = Non-inter-level travel time spent in this place.
 C = Inter-level travel time spent in this place.
 D = Time resting spent in this place.
 E = Time spent auto-exploring this place.
 F = Levels seen in this place.
 G = Mean time per level.
                   A        B        C        D        E       F      G
               +--------+--------+--------+--------+--------+-----+--------+
         Total |   8875 |   8698 |    177 |   1176 |   6202 |   9 |  986.1 |
       Dungeon |   8822 |   8658 |    164 |   1176 |   6177 |   8 | 1102.8 |
        Temple |     52 |     39 |     13 |      0 |     25 |   1 |   52.0 |
               +--------+--------+--------+--------+--------+-----+--------+

Top non-repeatable levels by time:
     D:6: 1744 daAuts
     D:5: 1353 daAuts
     D:2: 1149 daAuts
     D:1: 1144 daAuts
     D:4: 1062 daAuts
     D:8: 871 daAuts
     D:7: 862 daAuts
     D:3: 633 daAuts
  Temple: 52 daAuts
